 Dungeon Crawl Stone Soup version 0.20.1-1-g8b1a95d66d (webtiles) character file.

223015 Peloso the Hoplite (level 18, -7/170 HPs)
             Began as a Minotaur Fighter on Dec 24, 2017.
             Was the Champion of Okawaru.
             Killed from afar by Nikola (21 damage)
             ... with a bolt of lightning
             ... on level 1 of the Swamp.
             The game lasted 02:10:06 (35322 turns).

Peloso the Hoplite (Minotaur Fighter)              Turns: 35322, Time: 02:10:08

Health: -7/170     AC: 35    Str: 26    XL:     18   Next: 92%
Magic:  17/17      EV: 17    Int: 16    God:    Okawaru [******]
Gold:   5191       SH: 25    Dex: 18    Spells: 17/17 levels left

rFire    + . .     SeeInvis +   V - +9 demon blade of the Forest {flame, Int+6}
rCold    . . .     Gourm    .   c - +2 shield {AC+3}
rNeg     + . .     Faith    .   J - +7 pearl dragon scales "Uvotes" {rF+ rN+ Int+5 SInv}
rPois    .         Spirit   .   w - +2 hat
rElec    .         Reflect  +   M - +1 cloak {+Inv}
rCorr    .         Harm     .   I - +0 pair of gloves
MR       ++...                  k - +0 pair of boots
Stlth    +.........             C - +5 amulet of reflection
Regen    0.4/turn               z - ring of protection from magic
MPRegen  0.2/turn               t - +5 ring of dexterity

@: lethally poisoned (-7 -> -46), berserk cooldown, hasted and slowed
A: retaliatory headbutt, horns 2
a: Heroism, Finesse, Renounce Religion, Evoke Invisibility


You were on level 1 of the Swamp.
You worshipped Okawaru.
Okawaru was exalted by your worship.
You were hungry.

You visited 5 branches of the dungeon, and saw 27 of its levels.
You visited the Abyss 3 times.
You also visited: Ossuary and Bailey.

You collected 5337 gold pieces.
You spent 146 gold pieces at shops.

Inventory:

Hand Weapons
 b - the +7 scimitar of the Unliving {elec, rElec rF+ Int-4 Stlth+}
   (Okawaru gifted it to you on level 2 of the Orcish Mines)

   Occasionally, upon striking a foe, it will discharge some electrical energy
   and cause terrible harm.
   It affects your intelligence (-4).
   It protects you from fire.
   It insulates you from electricity.
   It makes you more stealthy.
 o - the +5 falchion "Killer Bee's Doom" {flame, MR- Dex+6}
   (Okawaru gifted it to you on level 10 of the Dungeon)

   It has been specially enchanted to burn those struck by it, causing extra
   injury to most foes and up to half again as much damage against particularly
   susceptible opponents.
   Big, fiery blades are also staple armaments of hydra-hunters.
   It affects your dexterity (+6).
   It affects your resistance to hostile enchantments.
 V - the +9 demon blade of the Forest (weapon) {flame, Int+6}
   (You found it on level 4 of the Abyss)

   It has been specially enchanted to burn those struck by it, causing extra
   injury to most foes and up to half again as much damage against particularly
   susceptible opponents.
   Big, fiery blades are also staple armaments of hydra-hunters.
   It affects your intelligence (+6).
Armour
 c - a +2 shield of protection (worn)
 k - a +0 pair of boots (worn)
 w - a +2 hat (worn)
 I - a +0 pair of gloves (worn)
 J - the +7 pearl dragon scales "Uvotes" (worn) {rF+ rN+ Int+5 SInv}
   (Okawaru gifted it to you on level 2 of the Orcish Mines)

   It affects your intelligence (+5).
   It protects you from fire.
   It protects you from negative energy.
   It lets you see invisible.
 M - a +1 cloak of invisibility (worn)
Jewellery
 j - an uncursed ring of flight
 t - a +5 ring of dexterity (right hand)
 z - a ring of protection from magic (left hand)
 C - a +5 amulet of reflection (around neck)
 D - an uncursed ring of resist corrosion
Wands
 a - a wand of random effects (31/48)
 i - a wand of random effects (37/48)
Scrolls
 e - 5 scrolls of remove curse
 q - 2 scrolls of identify
 x - 2 scrolls of recharging
 B - 2 scrolls of fear
 F - a scroll of enchant weapon
 P - 3 scrolls of fog
 Q - 3 scrolls of magic mapping
 R - 3 scrolls of teleportation
 S - a scroll of blinking
 W - a scroll of holy word
 X - a scroll of amnesia
Potions
 d - 9 potions of might
 m - 6 potions of haste
 r - 8 potions of curing
 s - 2 potions of flight
 u - a potion of invisibility
 E - 6 potions of agility
 G - a potion of berserk rage
 H - a potion of resistance
Books
 g - the Guide on the Boosting Entourage
   (You found it on level 3 of the Elven Halls)

   Spells                             Type                      Level
   a - Infusion                       Charms                       1
   b - Recall                         Summoning/Translocation      3
   c - Summon Ice Beast               Ice/Summoning                4
   d - Summon Demon                   Summoning                    5
   e - Shadow Creatures               Summoning                    6
 A - a book of Death

   Spells                             Type                      Level
   a - Corpse Rot                     Necromancy                   2
   b - Sublimation of Blood           Necromancy                   2
   c - Agony                          Necromancy                   5
   d - Dispel Undead                  Necromancy                   5
   e - Excruciating Wounds            Charms/Necromancy            5
   f - Bolt of Draining               Conjuration/Necromancy       5
 K - a book of Burglary

   Spells                             Type                      Level
   a - Swiftness                      Charms/Air                   2
   b - Passwall                       Transmutation/Earth          2
   c - Passage of Golubria            Translocation                4
   d - Lee's Rapid Deconstruction     Earth                        5
   e - Darkness                       Hexes                        6
   f - Invisibility                   Hexes                        6
 L - a book of Necromancy

   Spells                             Type                      Level
   a - Pain                           Necromancy                   1
   b - Animate Skeleton               Necromancy                   1
   c - Vampiric Draining              Necromancy                   3
   d - Regeneration                   Charms/Necromancy            3
   e - Animate Dead                   Necromancy                   4
   f - Control Undead                 Necromancy                   4
 N - a book of Callings

   Spells                             Type                      Level
   a - Summon Small Mammal            Summoning                    1
   b - Call Imp                       Summoning                    2
   c - Call Canine Familiar           Summoning                    3
   d - Summon Guardian Golem          Hexes/Summoning              3
   e - Summon Lightning Spire         Summoning/Air                4
   f - Summon Ice Beast               Ice/Summoning                4
 O - a book of Power

   Spells                             Type                      Level
   a - Iskenderun's Battlesphere      Conjuration/Charms           5
   b - Venom Bolt                     Conjuration/Poison           5
   c - Bolt of Magma                  Conjuration/Fire/Earth       5
   d - Iron Shot                      Conjuration/Earth            6
   e - Orb of Destruction             Conjuration                  7
   f - Spellforged Servitor           Conjuration/Summoning        7
 T - a book of Geomancy

   Spells                             Type                      Level
   a - Sandblast                      Earth                        1
   b - Passwall                       Transmutation/Earth          2
   c - Stone Arrow                    Conjuration/Earth            3
   d - Petrify                        Transmutation/Earth          4
   e - Lee's Rapid Deconstruction     Earth                        5
 U - a book of the Earth

   Spells                             Type                      Level
   a - Leda's Liquefaction            Hexes/Earth                  4
   b - Bolt of Magma                  Conjuration/Fire/Earth       5
   c - Statue Form                    Transmutation/Earth          6
   d - Iron Shot                      Conjuration/Earth            6
   e - Shatter                        Earth                        9
Miscellaneous
 h - a sack of spiders
 v - a box of beasts
 y - a phial of floods
Comestibles
 f - 17 bread rations
 l - 13 meat rations
 n - 13 royal jellies
 p - 2 fruits


   Skills:
 + Level 17.2 Fighting
 + Level 18.6 Long Blades
 + Level 16.2 Armour
 + Level 9.5 Dodging
 + Level 3.1 Stealth
 + Level 23.4 Shields
 + Level 0.2 Unarmed Combat
 + Level 0.6 Invocations
 + Level 1.0 Evocations


You had 17 spell levels left.
You didn't know any spells.

Dungeon Overview and Level Annotations

Branches:
Dungeon (15/15) Temple (0/1) D:5 Lair (6/6) D:8 Swamp (1/4) Lair:4 Snake (0/4) Lair:2 Slime (0/5) Lair:6 Orc (2/2) D:11 Elf (3/3) Orc:2 Vaults (0/5) D:12 D:13 Depths (0/5) D:15

Altars:
Ashenzari
Dithmenos
Elyvilon
Gozag
Makhleb
Nemelex Xobeh
Okawaru
Qazlal
Ru
Uskayaw
Vehumet
Zin
Beogh

Shops:
Orc:1 ?(([   Orc:2 %(%

Annotations:
D:14 3 runed doors
Lair:3 exclusion: oklob plant
Swamp:1 Nikola
Elf:2 1 runed door


Innate Abilities, Weirdness & Mutations

You reflexively headbutt those who attack you in melee.
You have a pair of horns on your head.


Message History

The flame cauterises the wound!
You carve the six-headed hydra like a ham!!!
You burn the six-headed hydra!
You kill the six-headed hydra!
Okawaru accepts your kill.
You are engulfed in poison gas.
You are poisoned.
* * * LOW HITPOINT WARNING * * *
You feel sick.
You are engulfed in poison gas.
You are more poisoned.
* * * LOW HITPOINT WARNING * * *
x2 You feel very sick.
You are engulfed in poison gas.
You are more poisoned.
* * * LOW HITPOINT WARNING * * *
x2 You feel very sick.
Nikola points at you and mumbles some strange words.
The bolt of lightning hits you!
You die...

####.. ≈... ....♣
.≈...≈≈.≈ ...≈
....≈≈≈≈. ♣♣.≈♣
....≈≈≈≈!
...♣♣♣.>.≈≈≈≈≈
#§§♣♣§.≈.≈≈≈≈
#.§♣D§..≈≈≈≈≈ .
#§§§§≈..≈≈≈≈≈ ..##
###@§≈§....≈≈≈≈
...##.#..§≈.♣♣♣..≈≈
#......♣♣♣♣ ≈ §
##..@..♣♣♣♣ §.
##.#..≈.....♣
...###.##....♣.≈≈♣
...........≈≈≈♣♣♣
.##.........♣♣
#.≈≈≈.....(.♣


You could see Nikola and a swamp dragon.

Vanquished Creatures
  2 deep elf blademasters (Elf:3)
  An Executioner (Abyss:4)
  A deep elf master archer (Elf:3)
  2 tentacled starspawn
  Kirke (D:15)
  A shadow dragon (Abyss:2)
  15 deep elf sorcerers
  Aizul (Swamp:1)
  5 deep elf elementalists
  3 deep elf demonologists
  6 deep elf annihilators
  A yellow draconian (Abyss:4)
  A green death (Abyss:2)
  3 deep elf death magi
  4 ogre magi (Orc:2)
  2 deep elf high priests (Elf:3)
  The ghost of jesusflecha the Spear-Bearer, a journeyman DrBe of Trog (Orc:2)
  6 hydras
  3 catoblepae
  A ghost crab (Swamp:1)
  3 centaur warriors
  21 two-headed ogres
  34 dancing weapons
  5 death yaks
  A death knight (D:14)
  An anaconda (Lair:6)
  The ghost of Noxor the Jinx, a journeyman SpEn of Fedhas (Lair:3)
  2 tengu warriors
  8 thrashing horrors
  Urug (D:13)
  19 deep elf knights
  Sonja (Lair:2)
  A fire crab (Lair:4)
  2 skeletal warriors
  4 wretched stars
  An unseen horror (D:13)
  A glowing orange brain (shapeshifter) (D:15)
  3 wizards
  15 deep elf archers
  A swamp dragon (Swamp:1)
  A phantasmal warrior (D:14)
  An orange crystal statue (D:14)
  An orc knight (Bailey)
  A salamander (shapeshifter) (D:14)
  2 orc sorcerers
  A wolf spider (shapeshifter) (D:15)
  20 ugly things
  45 deep elf magi
  3 cyclopes
  A manticore (shapeshifter) (D:15)
  A manticore (D:13)
  3 elephants (Lair:6)
  2 centaur zombies
  A guardian serpent (Lair:2)
  An orange demon (Abyss:3)
  An ice statue (D:12)
  A torpor snail (Lair:6)
  3 smoke demons
  13 spiny frogs
  2 gargoyles
  6 black mambas
  13 large abominations
  A kobold demonologist (D:11)
  4 rime drakes
  An efreet (D:12)
  9 komodo dragons
  A freezing wraith (D:14)
  A redback zombie (D:15)
  3 tengu conjurers
  10 trolls
  A merfolk (shapeshifter) (Abyss:2)
  2 ancient zymes
  A troll (shapeshifter) (D:10)
  A jumping spider (shapeshifter) (D:15)
  4 polar bears (Lair:6)
  Grinder (D:6)
  A tyrant leech (Lair:4)
  9 slime creatures
  2 raiju (Abyss:2)
  32 blink frogs
  9 hornets
  9 hippogriffs
  13 dream sheep
  6 air elementals
  4 flying skulls (Abyss:2)
  27 spriggans
  3 shadows
  A fire bat (Abyss:2)
  58 yaks
  2 wraiths
  The ghost of mezla the Chopper, an amateur HOFi (D:4)
  3 water elementals
  A fire elemental (Elf:2)
  16 humans
  4 wyverns
  4 hogs (D:15)
  6 golden eyes (Abyss:4)
  7 basilisks
  2 chaos spawn (Abyss:2)
  A neqoxec (Abyss:4)
  4 vampire mosquitoes (D:12)
  2 hungry ghosts
  Menkaure (D:6)
  A warg (D:11)
  20 water moccasins
  An acid dragon (D:15)
  9 porcupines
  2 sky beasts (D:12)
  7 black bears
  5 ice beasts
  A hornet zombie (D:15)
  30 orc warriors
  An eye of draining (D:15)
  A necrophage (D:9)
  19 starcursed masses
  34 ogres
  2 phantoms
  72 wolves
  12 boggarts
  15 centaurs
  10 small abominations
  11 crocodiles
  3 big kobolds
  Blork the orc (D:6)
  15 bullfrogs
  8 earth elementals
  5 scorpions
  12 killer bees
  A scorpion (shapeshifter) (D:15)
  14 wights
  2 electric eels
  6 howler monkeys
  17 crimson imps
  2 quasits
  2 bullfrog zombies
  16 orc priests
  7 hounds
  17 orc wizards
  2 iron imps (Abyss:2)
  6 jellies
  10 centaur skeletons
  2 bullfrog skeletons
  Natasha (thrice) (D:2)
  Terence (D:2)
  8 worker ants
  A big kobold zombie (Ossuary)
  A hound skeleton (D:9)
  8 mummies (Ossuary)
  2 howler monkey skeletons (D:7)
  2 worker ant zombies
  Robin (D:2)
  10 gnolls
  13 adders
  4 shadow imps
  4 white imps (Abyss:2)
  3 worms
  10 dart slugs
  7 leopard geckos
  109 orcs
  8 giant cockroaches
  24 goblins
  11 hobgoblins
  9 jackals
  5 quokkas
  A ball python (D:3)
  7 bats
  6 frilled lizards
  2 goblin zombies (D:6)
  24 kobolds
  2 kobold zombies (Ossuary)
  5 orc zombies (Ossuary)
  7 rats
  2 fungi
  A plant (Lair:3)
  2 starspawn tentacles (Abyss:4)
1280 creatures vanquished.

Vanquished Creatures (others)
  A deep elf master archer (Elf:3)
  A deep elf demonologist (Elf:3)
  A deep elf archer (Elf:1)
  The ghost of BrokenGlass the Covert, a novice NaFi (D:5)
  A wizard (Elf:1)
  2 deep elf magi
  A vampire (D:15)
  3 humans (D:15)
  2 wolves (Lair:4)
  2 centaurs (D:15)
  2 crimson imps (Abyss:2)
  9 kobolds (Bailey)
  7 fungi
  A lurking horror (Abyss:2)
  2 plants
  9 starspawn tentacles
45 creatures vanquished.

Grand Total: 1325 creatures vanquished

Notes
Turn   | Place    | Note
-------+----------+-------------------------------------------
     0 | D:1      | Peloso the Minotaur Fighter began the quest for the Orb.
     0 | D:1      | Reached XP level 1. HP: 19/19 MP: 0/0
     2 | D:1      | Noticed a minotaur
     2 | D:1      | Noticed a gargoyle
     4 | D:1      | Noticed a formicid
     6 | D:1      | Noticed a tengu
     6 | D:1      | Noticed a naga
     8 | D:1      | Noticed a dwarf
    10 | D:1      | Noticed an elf
    10 | D:1      | Noticed a ghoul
    12 | D:1      | Noticed a troll
    14 | D:1      | Noticed a spriggan
    14 | D:1      | Noticed a draconian
    16 | D:1      | Noticed a felid
    16 | D:1      | Noticed a halfling
    18 | D:1      | Noticed a merfolk
    18 | D:1      | Noticed a demonspawn
    20 | D:1      | Noticed a demigod
    20 | D:1      | Noticed a centaur
    22 | D:1      | Noticed a vine stalker
    22 | D:1      | Noticed an octopode
    24 | D:1      | Noticed a human
    26 | D:1      | Noticed a vampire
    26 | D:1      | Noticed an ogre
   233 | D:1      | Reached XP level 2. HP: 27/27 MP: 1/1
   380 | D:1      | Reached skill level 4 in Shields
   418 | D:2      | Noticed Robin
   446 | D:1      | Reached XP level 3. HP: 33/33 MP: 2/2
   619 | D:2      | Killed Robin
   759 | D:2      | Reached XP level 4. HP: 33/40 MP: 3/3
   866 | D:2      | Noticed Natasha
   871 | D:2      | Killed Natasha
   903 | D:2      | Found a glowing silver altar of Zin.
   906 | D:2      | Found Zin's Purification Station.
  1007 | D:2      | Noticed Natasha
  1015 | D:2      | Killed Natasha
  1052 | D:2      | Noticed Terence
  1062 | D:2      | Killed Terence
  1062 | D:2      | Reached XP level 5. HP: 47/47 MP: 4/4
  1157 | D:2      | Noticed Natasha
  1169 | D:2      | Killed Natasha
  1487 | D:3      | Reached skill level 5 in Shields
  1598 | D:3      | Reached XP level 6. HP: 52/53 MP: 5/5
  1637 | D:3      | Reached skill level 5 in Long Blades
  1642 | D:3      | Reached skill level 1 in Dodging
  1958 | D:3      | Found a hide-covered altar of Uskayaw.
  1958 | D:3      | Found a sparkling altar of Nemelex Xobeh.
  1959 | D:3      | Found an opulent altar of Gozag.
  2148 | D:2      | Bought a potion of curing for 90 gold pieces
  2243 | D:4      | Noticed mezla's ghost (amateur HOFi)
  2262 | D:4      | Killed mezla's ghost
  2551 | D:4      | Reached skill level 5 in Fighting
  2551 | D:4      | Reached skill level 5 in Armour
  2551 | D:4      | Reached XP level 7. HP: 61/61 MP: 6/6
  2633 | D:4      | Found a stormy altar of Qazlal.
  3131 | D:5      | Entered Level 5 of the Dungeon
  3180 | D:5      | Found a sacrificial altar of Ru.
  3234 | D:5      | Reached skill level 6 in Shields
  3300 | D:5      | Reached XP level 8. HP: 42/69 MP: 7/7
  3360 | D:5      | Killed BrokenGlass's ghost
  3417 | D:5      | Found an iron altar of Okawaru.
  3426 | D:5      | Became a worshipper of Warmaster Okawaru
  3484 | D:5      | Found a staircase to the Ecumenical Temple.
  3879 | D:6      | Found a sand-covered staircase.
  3896 | Ossuary  | Entered an ossuary
  4191 | D:6      | Noticed Menkaure
  4201 | D:6      | Killed Menkaure
  4201 | D:6      | Reached * piety under Okawaru
  4233 | D:6      | Reached skill level 7 in Shields
  4314 | D:6      | Noticed Grinder
  4318 | D:6      | Killed Grinder
  4353 | D:6      | Reached XP level 9. HP: 65/78 MP: 8/8
  4407 | D:6      | Reached ** piety under Okawaru
  4469 | D:6      | Reached skill level 8 in Shields
  4495 | D:6      | Noticed Blork the orc
  4500 | D:6      | Killed Blork the orc
  4847 | D:7      | Reached skill level 1 in Stealth
  5181 | D:7      | Reached skill level 10 in Long Blades
  5383 | D:7      | Reached skill level 9 in Shields
  5438 | D:8      | Reached *** piety under Okawaru
  5506 | D:8      | Noticed a two-headed ogre
  5507 | D:8      | Noticed a two-headed ogre
  5525 | D:8      | Killed a two-headed ogre
  5525 | D:8      | Reached **** piety under Okawaru
  5525 | D:8      | Reached XP level 10. HP: 53/88 MP: 9/9
  5534 | D:8      | Killed a two-headed ogre
  6027 | D:8      | Reached skill level 10 in Shields
  6103 | D:8      | Found a staircase to the Lair.
  6134 | D:8      | Reached ***** piety under Okawaru
  6197 | D:8      | Found a white marble altar of Elyvilon.
  6277 | D:8      | Found a shattered altar of Ashenzari.
  6326 | D:9      | Found a burning altar of Makhleb.
  6599 | D:9      | Found a radiant altar of Vehumet.
  6628 | D:9      | Found a shadowy altar of Dithmenos.
  6929 | D:9      | Noticed a two-headed ogre
  6935 | D:9      | Killed a two-headed ogre
  7071 | D:10     | Entered Level 10 of the Dungeon
  7116 | D:10     | Reached skill level 10 in Armour
  7142 | D:10     | Received a gift from Okawaru
  7142 | D:10     | Reached XP level 11. HP: 75/95 MP: 10/10
  7148 | D:10     | Got a crystal falchion {god gift}
  7149 | D:10     | Identified the +5 falchion "Killer Bee's Doom" {flame, MR- Dex+6} (Okawaru gifted it to you on level 10 of the Dungeon)
  7188 | D:10     | Noticed a skeletal warrior
  7225 | D:10     | Killed a skeletal warrior
  7225 | D:10     | Reached skill level 11 in Shields
  7541 | D:10     | Noticed a two-headed ogre
  7553 | D:10     | Killed a two-headed ogre
  8070 | D:10     | Noticed a two-headed ogre
  8082 | D:10     | Killed a two-headed ogre
  8082 | D:10     | Received a gift from Okawaru
  8291 | D:10     | Noticed a catoblepas
  8333 | D:10     | Killed a catoblepas
  8333 | D:10     | Reached skill level 12 in Shields
  9199 | Lair:1   | Entered Level 1 of the Lair of Beasts
  9686 | Lair:1   | Reached XP level 12. HP: 92/106 MP: 11/11
  9850 | Lair:1   | Reached skill level 10 in Fighting
 10604 | Lair:1   | Reached skill level 13 in Shields
 10673 | Lair:2   | Found a staircase to the Snake Pit.
 10696 | Lair:2   | Received a gift from Okawaru
 10711 | Lair:2   | Got a scorched falchion {god gift}
 10712 | Lair:2   | Identified the +10 falchion of Gujayg {slice, rF+ Str+2 Int+5} (Okawaru gifted it to you on level 2 of the Lair of Beasts)
 10825 | Lair:2   | Noticed a catoblepas
 10849 | Lair:2   | Killed a catoblepas
 11096 | Lair:2   | Noticed Sonja
 11110 | Lair:2   | Reached ****** piety under Okawaru
 11112 | Lair:2   | Killed Sonja
 11489 | Lair:2   | Noticed a four-headed hydra
 11497 | Lair:2   | Killed a one-headed hydra
 11890 | Lair:3   | Noticed Noxor's ghost (journeyman SpEn)
 11907 | Lair:3   | Killed Noxor's ghost
 12675 | Lair:3   | Reached XP level 13. HP: 116/116 MP: 12/12
 13243 | Lair:1   | Received a gift from Okawaru
 13534 | D:11     | Reached skill level 14 in Shields
 13549 | D:11     | Identified the Catalogue of Plaster Cramp
 13591 | D:11     | Got a polished spear
 13713 | D:11     | Found a staircase to the Orcish Mines.
 14018 | D:11     | Identified the Volume of Axaxaxas mlö
 14025 | D:11     | Identified Maixtaju's Incunabulum of Combed Thunderclap
 14232 | D:12     | Identified the +10 spear of Trog's Outrage {elec, *Drain rPois rF+ rN++} (You found it on level 11 of the Dungeon)
 15518 | Lair:4   | Received a gift from Okawaru
 15533 | Lair:4   | Reached skill level 15 in Long Blades
 15564 | Lair:4   | Reached skill level 15 in Shields
 15983 | Lair:4   | Found a staircase to the Swamp.
 16174 | Lair:3   | Received a gift from Okawaru
 16549 | Lair:4   | Reached XP level 14. HP: 75/127 MP: 7/13
 17618 | Lair:5   | Reached skill level 16 in Shields
 18101 | Lair:6   | Entered Level 6 of the Lair of Beasts
 18319 | Lair:6   | Found a staircase to the Slime Pits.
 18555 | Lair:6   | Received a gift from Okawaru
 19237 | Lair:6   | Reached skill level 17 in Shields
 19993 | Lair:6   | Reached XP level 15. HP: 136/136 MP: 14/14
 20423 | Orc:1    | Entered Level 1 of the Orcish Mines
 20523 | Orc:1    | Paralysed by an orc sorcerer for 6 turns
 20586 | Orc:1    | Found a flagged portal.
 20606 | Bailey   | Entered a bailey
 20644 | Bailey   | Received a gift from Okawaru
 20691 | Bailey   | Got a heavily runed glass ring
 20694 | Bailey   | Identified the ring "Hum Teip" {rC+ Stlth+} (You found it in a bailey)
 20709 | Bailey   | Got a scorched broad axe
 20808 | Orc:1    | Reached skill level 18 in Shields
 20808 | Orc:1    | Reached skill level 1 in Evocations
 20955 | Orc:1    | Found Urotzefim's Magic Scroll Emporium.
 20963 | Orc:1    | Bought a scroll of identify for 28 gold pieces
 20963 | Orc:1    | Bought a scroll of identify for 28 gold pieces
 20981 | Orc:1    | Found Raopya's Antique Weapon Shop.
 21023 | Orc:1    | Found Fakyxohe's Antique Weapon Shoppe.
 21171 | Orc:1    | Found Gaurch's Armour Shop.
 21231 | Orc:2    | Entered Level 2 of the Orcish Mines
 21236 | Orc:2    | Found a staircase to the Elven Halls.
 21451 | Orc:2    | Noticed jesusflecha's ghost (journeyman DrBe)
 21486 | Orc:2    | Killed jesusflecha's ghost
 21486 | Orc:2    | Received a gift from Okawaru
 21558 | Orc:2    | Found a roughly hewn altar of Beogh.
 21658 | Orc:2    | Found Jucyl Iwn's Gadget Shop.
 21658 | Orc:2    | Found Ufuz's Food Emporium.
 21684 | Orc:2    | Received a gift from Okawaru
 21805 | Orc:2    | Got heavily runed pearl dragon scales {god gift}
 21816 | Orc:2    | Identified the +7 pearl dragon scales "Uvotes" {rF+ rN+ Int+5 SInv} (Okawaru gifted it to you on level 2 of the Orcish Mines)
 21866 | Orc:2    | Found Foguen's Food Boutique.
 21866 | Orc:2    | Found Bineepa's Antique Weapon Emporium.
 22227 | D:13     | Found a gate to the Vaults.
 22227 | D:13     | Noticed Urug
 22238 | D:12     | Reached skill level 19 in Shields
 22294 | D:13     | Killed Urug
 22477 | D:13     | Reached skill level 5 in Dodging
 22535 | D:13     | Received a gift from Okawaru
 22723 | D:13     | Reached skill level 15 in Armour
 23237 | D:14     | Found a runed door.
 23245 | D:14     | Found a runed door.
 23262 | D:14     | Found a runed door.
 23273 | D:14     | Found a runed door.
 23472 | D:14     | Reached XP level 16. HP: 131/146 MP: 15/15
 23611 | D:14     | Found a glowing silver altar of Zin.
 23677 | D:15     | Entered Level 15 of the Dungeon
 23700 | D:15     | Found a radiant altar of Vehumet.
 23770 | D:15     | Noticed Kirke
 23791 | D:15     | Noticed a sphinx
 24212 | D:15     | Received a gift from Okawaru
 24309 | D:15     | Killed Kirke
 24778 | D:15     | Reached skill level 20 in Shields
 25042 | D:15     | Found a staircase to the Depths.
 25057 | D:15     | Received a gift from Okawaru
 25832 | Elf:1    | Entered Level 1 of the Elven Halls
 25860 | Orc:2    | Received a gift from Okawaru
 25866 | Orc:2    | Got a transparent scimitar {god gift}
 25867 | Orc:2    | Identified the +7 scimitar of the Unliving {elec, rElec rF+ Int-4 Stlth+} (Okawaru gifted it to you on level 2 of the Orcish Mines)
 26382 | Orc:2    | Reached skill level 15 in Fighting
 26681 | Elf:1    | Received a gift from Okawaru
 26748 | Elf:1    | Got an ancient brass ring
 26780 | Elf:1    | Identified the ring "Roiny" {rF+ Int+4} (You took it off a deep elf mage on level 1 of the Elven Halls)
 27471 | Elf:1    | Identified the Reference Book on Ashen Conjuration
 27560 | Elf:1    | Reached skill level 21 in Shields
 27560 | Elf:1    | Reached XP level 17. HP: 143/156 MP: 16/16
 28367 | Elf:2    | Found a runed door.
 28389 | Elf:2    | Found a runed door.
 28406 | Elf:2    | Received a gift from Okawaru
 29180 | Elf:3    | Entered Level 3 of the Elven Halls
 29348 | Elf:3    | Reached skill level 22 in Shields
 29389 | Elf:3    | Received a gift from Okawaru
 29772 | Elf:3    | Cast into level 2 of the Abyss (a deep elf sorcerer)
 30105 | Abyss:5  | Entered Level 5 of the Abyss
 30271 | Abyss:5  | Paralysed by accursed screaming for 1 turns
 30328 | Elf:3    | Escaped the Abyss
 30334 | Elf:2    | HP: 6/158 [acid (9)]
 30817 | Elf:2    | Reached XP level 18. HP: 114/166 MP: 17/17
 31259 | Elf:3    | Cast into level 3 of the Abyss (a deep elf sorcerer)
 31483 | Abyss:4  | Got a scorched demon blade
 31508 | Abyss:4  | Received a gift from Okawaru
 31510 | Abyss:4  | Identified the +9 demon blade of the Forest {flame, Int+6} (You found it on level 4 of the Abyss)
 31545 | Elf:3    | Escaped the Abyss
 32127 | Elf:2    | Reached skill level 23 in Shields
 32307 | Elf:3    | Cast into level 2 of the Abyss (a deep elf sorcerer)
 32340 | Abyss:2  | Found a radiant altar of Vehumet.
 32687 | Abyss:4  | Found a stormy altar of Qazlal.
 32778 | Elf:3    | Escaped the Abyss
 32791 | Elf:3    | Received a gift from Okawaru
 33265 | Elf:3    | Noticed a Hell Sentinel
 33266 | Elf:3    | Noticed a Hell Sentinel
 33929 | Elf:3    | Identified the Guide on the Boosting Entourage
 35250 | Swamp:1  | Entered Level 1 of the Swamp
 35250 | Swamp:1  | Noticed Aizul
 35257 | Swamp:1  | Killed Aizul
 35290 | Swamp:1  | Noticed Nikola
 35310 | Swamp:1  | HP: 5/170 [Nikola/chain lightning (8)]
 35322 | Swamp:1  | Killed from afar by Nikola

Skill      XL: |  1  2  3  4  5  6  7  8  9 10 11 12 13 14 15 16 17 18 |
---------------+-------------------------------------------------------+-----
Armour         | 4 5 6 8 10 11 12 13 14 15 16 | 16.2
Shields        | 4 5 6 7 9 10 12 13 15 17 19 21 22 23 | 23.4
Fighting       | 4 5 6 7 8 9 11 12 13 14 15 16 17 | 17.2
Long Blades    | 3 4 6 7 9 10 11 13 14 15 16 17 18 | 18.6
Dodging        | 1 2 3 4 5 7 8 9 |  9.5
Stealth        | 1 2 3 |  3.1
Evocations     | 1 |  1.0
Unarmed Combat | |  0.2
Invocations    | |  0.6

Action                   |  1- 3 |  4- 6 |  7- 9 | 10-12 | 13-15 | 16-18 || total
-------------------------+-------+-------+-------+-------+-------+-------++-------
Melee: Long sword        |    56 |   178 |    44 |       |       |       ||   278
       Headbutt          |    10 |    31 |    70 |   192 |   544 |   521 ||  1368
       Falchion          |       |       |   230 |   604 |  1715 |   441 ||  2990
       Scimitar          |       |       |       |       |       |   854 ||   854
       Unarmed           |       |       |       |       |       |    12 ||    12
       Demon blade       |       |       |       |       |       |   320 ||   320
Invok: Heroism           |       |       |       |     5 |     1 |       ||     6
 Abil: Evoke Flight      |       |       |       |       |     3 |       ||     3
Evoke: Wand              |       |       |       |     2 |       |       ||     2
  Use: Scroll            |       |       |    16 |     2 |    11 |    16 ||    45
       Potion            |       |       |       |       |     2 |    26 ||    28
 Stab: Distracted        |       |       |       |       |       |     1 ||     1
       Sleeping          |       |       |       |       |       |     1 ||     1
  Eat: Chunk             |       |     5 |    10 |    19 |    36 |    28 ||    98
       Fruit             |       |       |     1 |     2 |       |    16 ||    19
       Royal jelly       |       |       |       |       |     1 |       ||     1
Armor: Scale mail        |    34 |     2 |       |       |       |       ||    36
       Chain mail        |       |    88 |    79 |    60 |       |       ||   227
       Plate armour      |       |       |       |   148 |   268 |       ||   416
       Crystal plate arm |       |       |       |       |   230 |       ||   230
       Pearl dragon scal |       |       |       |       |    95 |   463 ||   558
Dodge: Dodged            |    30 |    55 |    48 |   147 |   392 |   473 ||  1145
Block: Shield            |    34 |   118 |   138 |   356 |  1897 |  1539 ||  4082
       Reflection        |       |       |       |       |    63 |   151 ||   214
       Other             |       |       |       |       |       |     3 ||     3
       Rpst.: Long sword |    10 |     8 |       |       |       |       ||    18
       Falchion          |       |       |     8 |    39 |    90 |    13 ||   150
       Scimitar          |       |       |       |       |       |    64 ||    64
       Demon blade       |       |       |       |       |       |     6 ||     6
